 Dungeon Crawl Stone Soup version 0.20.1-1-g8b1a95d66d (webtiles) character file.

210 NullDivider the Charlatan (level 5, -6/35 HPs)
             Began as an Octopode Artificer on Nov 22, 2017.
             Mangled by a slave (9 damage)
             ... led by Pikel
             ... on level 3 of the Dungeon.
             The game lasted 00:18:26 (3205 turns).

NullDivider the Charlatan (Octopode Artificer)      Turns: 3205, Time: 00:18:27

Health: -6/35      AC:  1    Str: 12    XL:     5   Next: 88%
Magic:  8/8        EV: 14    Int: 13    God:
Gold:   135        SH:  0    Dex: 13    Spells: 4/4 levels left

rFire    . . .     SeeInvis .   q - +0 dagger
rCold    . . .     Gourm    .   (no shield)
rNeg     . . .     Faith    .   (helmet restricted)
rPois    .         Spirit   .   n - amulet of magic regeneration
rElec    .         Reflect  .   j - ring of stealth
rCorr    .         Harm     .   l - ring of flight
MR       .....                  (no ring)
Stlth    +++++.....             (no ring)
Regen    0.2/turn               (no ring)
MPRegen  0.2/turn               (no ring)
                                (no ring)
                                (no ring)

@: no status effects
A: almost no armour, stealthy swim, amphibious, 8 rings, constrict 8, camouflage
1, gelatinous body 1
a: Evoke Flight


You were on level 3 of the Dungeon.
You were not hungry.

You visited 1 branch of the dungeon, and saw 4 of its levels.

You collected 135 gold pieces.

Inventory:

Hand Weapons
 q - a +0 dagger (weapon)
Jewellery
 j - a ring of stealth (left tentacle)
 l - a ring of flight (right tentacle)
 n - an amulet of magic regeneration (around mantle)
Wands
 b - a wand of flame (14/48)
 c - a wand of enslavement (13/24)
 d - a wand of random effects (15/48)
Scrolls
 e - 2 scrolls of recharging
 h - a scroll of noise
 k - 4 scrolls of enchant weapon
 o - 2 scrolls of amnesia
 t - 3 scrolls of identify
Potions
 i - a potion of brilliance {unknown}
 p - 4 potions of curing
 u - a potion of haste {unknown}
 w - a potion of agility {unknown}
 x - 2 potions of heal wounds {unknown}
Books
 r - a book of Cantrips

   Spells                             Type                      Level
   a - Confusing Touch                Hexes                        1
   b - Animate Skeleton               Necromancy                   1
   c - Summon Small Mammal            Summoning                    1
   d - Apportation                    Translocation                1
Comestibles
 f - 3 bread rations
 g - a royal jelly
 m - 3 meat rations
 s - 4 fruits


   Skills:
 + Level 2.5 Fighting
 + Level 2.2 Short Blades
 + Level 3.2 Dodging
 + Level 4.1 Stealth
 + Level 4.1 Evocations


You had 4 spell levels left.
You didn't know any spells.

Dungeon Overview and Level Annotations

Branches:
Dungeon (4/15)
 Temple: D:4-7

Altars:
Zin
The Shining One

Shops:
D:3 *

Annotations:
D:4 Pikel


Innate Abilities, Weirdness & Mutations

You cannot wear most types of armour.
You are very stealthy in the water. (Stealth+)
You are amphibious.
You can wear up to eight rings at the same time.
You can use your tentacles to constrict eight enemies at once.
Your skin changes colour to match your surroundings (Stealth+).
Your rubbery body absorbs attacks. (AC +1, EV +1)


Message History

You hit the slave.
The slave is heavily wounded.
You constrict the slave, but do no damage.
The slave hits you.
You hit the slave.
The slave is heavily wounded.
You constrict the slave, but do no damage.
The slave hits you!
You hit the slave.
The slave is severely wounded.
You constrict the slave. The slave hits you!
* * * LOW HITPOINT WARNING * * *
Evoke which item? (* to show all) (? for menu, Esc to quit)
Aiming: Throw Flame
Press: ? - help, Shift-Dir - straight line, f - slave
Aim: a slave, wearing an animal skin (severely wounded, constricted by you)
The puff of flame hits the slave.
The slave is severely wounded.
This wand has 14 charges left.
You constrict the slave. The slave hits you!
You die...

### #######....#########
#.##########.....>.##.........#
.............########.........#
.#.########### #.........# .#.##
########.........# .#..#
#...........(....# .##.##
#............[...# .##..#
#................# ####.##
##..@p............# # #..#
#..######.........# ##.# #.##
##.######## #.#######.##
#..######### #.#...##...##
#....[[((..# ####...........##
##....((.[..#
#..........[..).###......)<...#
#.##............##).#........(#
##>##............##.##.....(...#


You could see a slave.

Vanquished Creatures
  A crimson imp (D:3)
  3 orc wizards (D:3)
  3 adders
  2 dart slugs (D:1)
  2 worms
  A leopard gecko (D:2)
  5 orcs (D:3)
  6 bats
  4 giant cockroaches
  7 goblins
  2 hobgoblins
  3 jackals (D:1)
  7 kobolds
  2 frilled lizards
  3 rats
51 creatures vanquished.

Notes
Turn   | Place    | Note
-------+----------+-------------------------------------------
     0 | D:1      | NullDivider the Octopode Artificer began the quest for the Orb.
     0 | D:1      | Reached XP level 1. HP: 13/13 MP: 3/3
   322 | D:1      | Reached XP level 2. HP: 16/18 MP: 4/4
  1126 | D:2      | Reached XP level 3. HP: 12/23 MP: 5/5
  2035 | D:3      | Reached XP level 4. HP: 20/29 MP: 6/6
  2063 | D:3      | Reached XP level 5. HP: 10/34 MP: 8/8
  2706 | D:3      | Found a glowing golden altar of the Shining One.
  2867 | D:3      | Found Zin's Purification Station.
  2870 | D:3      | Found a glowing silver altar of Zin.
  3035 | D:4      | Noticed a slave
  3036 | D:4      | Noticed Pikel
  3036 | D:4      | Noticed a slave
  3036 | D:4      | Noticed a slave
  3037 | D:4      | Noticed a slave
  3205 | D:3      | Mangled by a slave

Skill      XL: |  1  2  3  4  5 |
---------------+----------------+-----
Stealth        | 2 3 4 |  4.1
Fighting       | 2 |  2.5
Evocations     | 4 |  4.1
Dodging        | 3 |  3.2
Short Blades   | 2 |  2.2

Action                   |  1- 3 |  4- 6 || total
-------------------------+-------+-------++-------
Melee: Short sword       |    26 |       ||    26
       Constrict         |    23 |    12 ||    35
       Tentacles         |    11 |    11 ||    22
       Dagger            |    48 |    67 ||   115
Evoke: Wand              |       |     3 ||     3
  Use: Scroll            |     7 |     1 ||     8
 Stab: Sleeping          |     9 |     4 ||    13
       Distracted        |     1 |       ||     1
  Eat: Chunk             |     3 |     4 ||     7
Armor: Skin              |     5 |     2 ||     7
Dodge: Dodged            |    43 |    37 ||    80
